 Dungeon Crawl Stone Soup version 0.26.0-15-gc6cd9f700b (webtiles) character file.

Game seed: 13428671191257386014

79 Gauvater the Shield-Bearer (level 4, -3/37 HPs)
             Began as a Formicid Fighter on Jan 17, 2021.
             Killed by nerve-wracking pain
             ... invoked by Grinder
              (11 damage)
             ... on level 3 of the Dungeon.
             The game lasted 00:04:00 (2077 turns).

Gauvater the Shield-Bearer (Formicid Fighter)       Turns: 2077, Time: 00:04:00

Health: -3/37      AC:  7    Str: 22    XL:     4   Next: 64%
Magic:  4/4        EV:  8    Int:  7    God:
Gold:   128        SH:  9    Dex: 10    Spells: 3/3 levels left

rFire    . . .     SeeInvis +   a - +0 war axe
rCold    + . .     Faith    .   c - +0 kite shield
rNeg     . . .     Spirit   .   b - +0 scale mail
rPois    .         Reflect  .   (helmet unavailable)
rElec    .         Harm     .   (no cloak)
rCorr    .         Rampage  .   (no gloves)
Will     .....                  (no boots)
Stlth    ..........             (no amulet)
HPRegen  0.12/turn              e - ring of protection from cold
MPRegen  0.09/turn              (no ring)

@: no status effects
A: permanent stasis, dig shafts and tunnels, four strong arms, antennae 3
a: Dig, Shaft Self


You were on level 3 of the Dungeon.
You visited 1 branch of the dungeon, and saw 3 of its levels.

You collected 128 gold pieces.

Inventory:

Hand Weapons
 a - a +0 war axe (weapon)
Missiles
 h - 53 arrows
 r - 2 boomerangs
Armour
 b - a +0 scale mail (worn)
 c - a +0 kite shield (worn)
 p - a +1 chain mail of cold resistance
Jewellery
 e - a ring of protection from cold (left hand)
 i - an uncursed ring of stealth {unknown}
 s - an uncursed ring of flight {unknown}
Scrolls
 j - 4 scrolls of identify {unknown}
 k - 3 scrolls of teleportation {unknown}
 l - 3 scrolls of remove curse {unknown}
 m - 3 scrolls of enchant weapon {unknown}
 n - a scroll of immolation {unknown}
 q - a scroll of blinking {unknown}
 u - a scroll of enchant armour {unknown}
Potions
 d - 2 potions of might
 f - 4 potions of heal wounds {unknown}
 g - 3 potions of attraction {unknown}
 o - a potion of curing {unknown}
 t - a potion of degeneration {unknown}


   Skills:
 * Level 3.9 Fighting
 + Level 3.2 Axes
 + Level 3.7 Armour
 + Level 0.4 Dodging
 + Level 0.2 Stealth
 + Level 4.0 Shields


You had 3 spell levels left.
You didn't know any spells.
Your spell library was empty.

Dungeon Overview and Level Annotations

Branches:
Dungeon (3/15)

Altars:

Annotations:
D:3 Grinder


Innate Abilities, Weirdness & Mutations

You cannot be hasted, slowed, berserked, paralysed or teleported.
You can dig through walls and to a lower floor.
Your four strong arms can wield two-handed weapons with a shield.
You have a pair of large antennae on your head. (SInv)


Message History

Grinder is lightly wounded.
Grinder hits you.
You writhe in agony.
Grinder hits you but does no damage.
You barely miss Grinder.
Grinder is lightly wounded.
Grinder gestures at you. Pain shoots through your body!
* * * LOW HITPOINT WARNING * * *
You hit Grinder.
Grinder is lightly wounded.
Grinder gestures at you.
You barely resist. Grinder gestures at you.
Your stasis prevents you from being paralysed.
You slash Grinder!
Grinder is moderately wounded.
Grinder blinks!
Grinder says, "Mostly I couldn't keep them alive."
Grinder gestures at you. Pain shoots through your body!
You die...

#...... #.#
#...... #.#
#....#.#.. #.#
#.####...# #.# #
####.### #.#
#....# #.# #.####
#.#############.#
#.5..@..........#
{
#################


You could see Grinder.

Vanquished Creatures
  An adder (D:2)
  A shadow imp (D:3)
  4 dart slugs
  5 leopard geckos
  8 bats
  A giant cockroach (D:1)
  5 goblins
  5 hobgoblins
  5 jackals
  2 kobolds
  A quokka (D:2)
  A ball python (D:3)
  4 frilled lizards
  6 rats
49 creatures vanquished.

Notes
Turn   | Place    | Note
-------+----------+-------------------------------------------
     0 | D:1      | Gauvater the Formicid Fighter began the quest for the Orb.
     0 | D:1      | Reached XP level 1. HP: 18/18 MP: 1/1
   287 | D:1      | Reached XP level 2. HP: 21/24 MP: 2/2
   328 | D:1      | Reached skill level 4 in Shields
   483 | D:1      | Reached XP level 3. HP: 30/30 MP: 3/3
  1411 | D:2      | Reached XP level 4. HP: 37/37 MP: 4/4
  2053 | D:3      | Noticed Grinder
  2077 | D:3      | Killed from afar by Grinder

Illustrated notes

Levels and vault maps discovered:
D:1:      tarquinn_simple_flora_water_c, layout_loops_cross
D:2:      layout_basic
D:3:      minmay_thinvault, layout_basic, kennysheep_vampire_church,
          chequers_garden, uniq_sigmund, uniq_grinder

Skill      XL: |  1  2  3 |
---------------+----------+-----
Shields        | 4 |  4.0
Axes           | 3 |  3.2
Fighting       | |  3.9
Armour         | |  3.7
Dodging        | |  0.4
Stealth        | |  0.2

Action                   |  1- 3 |  4- 6 || total
-------------------------+-------+-------++-------
Melee: War axe           |    96 |    33 ||   129
Armor: Scale mail        |    72 |    20 ||    92
Dodge: Dodged            |    53 |    11 ||    64
Block: Kite shield       |    81 |     8 ||    89
